Map: [ESL] Alcyone

Players

Erik - Winner!

  • Race: Zerg Zerg
  • Spawn Location: 7:00

Dolan

  • Race: Terran Terran
  • Spawn Location: 1:00

Event: ESL SC2 Masters 2023 Winter (Regional)

VOD

Have the link to the VOD?

Description

Time

  • Played on: Oct. 29, 2023, 1:21 p.m.
  • Length: 9:04

All games in this series

Show
View Real Time Build Order
Export as new Build Order

Erik Zerg - Winner!

Build Orders: Hatch First 

Get SALT Encoding   

  12  0:00  Drone  
  13  0:08  Drone  
  14  0:32  Hatchery  
  13  0:36  Drone  
  14  0:43  Overlord  
  14  0:59  Spawning Pool  
  14  1:02  Drone  
  14  1:06  Drone  
  14  1:10  Drone  
  16  1:14  Drone  
  17  1:26  Drone  
  17  1:28  Extractor  
  17  1:37  Drone  
  18  1:46  Zergling x2  
  19  1:47  Zergling x2  
  19  1:48  Queen x2  
  24  1:57  Drone  
  24  1:58  Drone  
  26  2:07  Overlord  
  26  2:08  Drone  
  27  2:16  Drone  
  27  2:20  Overlord  
  28  2:28  Drone x2  
  28  2:29  Queen  
  32  2:42  Drone  
  33  2:49  Roach Warren  
  30  2:52  Drone  
  30  2:53  Overlord  
  30  2:57  Drone  
  30  2:58  Spine Crawler  
  31  3:00  Zergling x2  
  31  3:03  Drone x2  
  31  3:04  Drone  
  31  3:05  Drone  
  36  3:10  Overlord  
  36  3:13  Extractor  
  35  3:29  Roach  
  35  3:30  Roach x4  
  45  3:39  Overlord  
  45  3:40  Drone  
  45  3:41  Drone x3  
  49  3:46  Extractor  
  48  3:54  Roach x3  
  52  4:08  Ravager x2  
  54  4:12  Roach x2  
  54  4:14  Queen  
  60  4:18  Queen  
  58  4:28  Roach x4  
  55  4:41  Ravager  
  55  4:45  Roach x2  
  60  4:48  Overlord  
  60  4:54  Ravager  
  60  4:56  Overlord  
  61  5:04  Zergling x8  
  65  5:13  Ravager  
  64  5:21  Roach x3  
  61  5:38  Roach x6  
  70  5:43  Ravager  
  70  5:46  Overlord  
  70  5:49  Drone  
  69  5:55  Roach x2  
  66  5:59  Ravager  
  67  6:08  Roach  
  67  6:09  Roach  
  71  6:12  Ravager  
  70  6:22  Roach  
  70  6:23  Roach x3  
  72  6:25  Queen  
  72  6:26  Queen  
  72  6:28  Extractor  
  75  6:33  Ravager  
  75  6:37  Overlord  
  76  6:40  Roach x3  
  82  6:49  Ravager  
  82  6:51  Drone x3  
  83  7:00  Ravager  
  81  7:09  Lair  
  75  7:23  Overlord  
  75  7:24  Drone x2  
  75  7:30  Ravager  
  75  7:36  Roach x5  
  78  7:46  Roach  
  78  7:47  Roach x3  
  83  7:58  Drone x2  
  83  8:05  Ravager x2  
  85  8:16  Roach x5  
  93  8:30  Hatchery  
  93  8:32  Roach x4  
  97  8:41  Ravager  
  97  8:46  Ravager  
Show
View Real Time Build Order
Export as new Build Order

Dolan Terran 

Build Orders: 2 Factory, Cyclone Opening 

Get SALT Encoding   

  12  0:00  SCV  
  13  0:12  SCV  
  14  0:17  Supply Depot  
  14  0:24  SCV  
  15  0:39  SCV  
  15  0:40  Barracks  
  16  0:44  Refinery  
  16  0:51  SCV  
  16  0:52  Refinery  
  17  1:03  SCV  
  18  1:16  SCV  
  19  1:28  Orbital Command, Marine  
  20  1:33  Factory  
  20  1:45  Marine  
  21  1:50  Factory  
  21  1:55  SCV  
  22  2:08  Barracks Reactor  
  22  2:09  Supply Depot  
  22  2:11  SCV  
  23  2:16  Factory Reactor  
  23  2:20  Supply Depot  
  23  2:30  SCV  
  23  2:54  Cyclone x2  
  23  2:56  Cyclone x2  
  31  3:02  Supply Depot  
  31  3:26  Cyclone x2  
  35  3:33  Cyclone  
  37  3:38  Cyclone  
  37  4:02  Cyclone x2  
  39  4:15  Cyclone  
  41  4:23  Cyclone  
  39  4:40  Cyclone  
  41  4:45  Cyclone  
  41  5:10  Cyclone  
  32  5:43  Cyclone x3  
  38  6:00  Cyclone  
  39  6:21  Cyclone x2  
  43  6:30  Cyclone  
  41  6:49  Cyclone  
  45  6:54  Cyclone  
  43  7:07  Cyclone  
  41  7:17  Cyclone  
  38  7:37  Cyclone x2  
  34  7:52  Cyclone  
  35  7:59  SCV  
  34  8:24  Cyclone  
Tags
 
Add a new tag
Caveats
  • Supply blocks, unpowered buildings, or Contaminate may cause inaccurate times.
  • Supply counts are checked every 10 seconds.